 Dungeon Crawl Stone Soup version 0.19.1-1-g22dce08 (webtiles) character file.

100 Gorglomux the Cudgeler (level 4, -13/29 HPs)
             Began as a Gargoyle Berserker on Jan 18, 2017.
             Was a Believer of Trog.
             Mangled by an ogre
             ... wielding a +0 giant club
              (24 damage)
             ... on level 3 of the Dungeon.
             The game lasted 00:06:09 (2072 turns).

Gorglomux the Cudgeler (Gargoyle Berserker)         Turns: 2072, Time: 00:06:10

Health: -13/29     AC:  6    Str: 22    XL:     4   Next: 73%
Magic:  4/4        EV: 11    Int:  7    God:    Trog [**....]
Gold:   90         SH:  0    Dex:  9    Spells: 0 memorised, 3 levels left

rFire  . . .     SeeInvis .     a - +0 mace
rCold  . . .     Gourm    .     f - +0 leather armour
rNeg   + + .     Faith    .     (no shield)
rPois  ∞         Spirit   .     (no helmet)
rElec  +         Reflect  .     (no cloak)
rCorr  .         Harm     .     (no gloves)
MR     +....                    (no boots)
Stlth  +.........               (no amulet)
                                o - ring of protection from magic
                                h - ring of positive energy

@: exhausted
A: negative energy resistance 1, electricity resistance, unbreathing,
petrification resistance, rot immunity, AC +3
a: Berserk, Trog's Hand, Burn Spellbooks, Renounce Religion


You were on level 3 of the Dungeon.
You worshipped Trog.
Trog was pleased with you.
You were hungry.

You visited 1 branch of the dungeon, and saw 3 of its levels.

You collected 90 gold pieces.

Inventory:

Hand Weapons
 a - a +0 mace (weapon)
Armour
 f - a +0 leather armour (worn)
Jewellery
 h - a ring of positive energy (left hand)
 o - a ring of protection from magic (right hand)
Scrolls
 k - a scroll of remove curse
 n - 3 scrolls of identify
Potions
 e - 2 potions of resistance
 g - a potion of degeneration {unknown}
 i - a potion of curing {unknown}
 j - a potion of magic {unknown}
 m - a potion of agility {unknown}
Comestibles
 b - 6 chunks of flesh
 c - 4 bread rations
 l - a beef jerky


   Skills:
 + Level 4.2 Fighting
 * Level 4.6 Maces & Flails
 - Level 2.1 Armour
 - Level 1.5 Dodging


You had 3 spell levels left.
You didn't know any spells.

Dungeon Overview and Level Annotations

Branches:
Dungeon (3/15)

Altars:


Innate Abilities, Weirdness & Mutations

You are resistant to torment.
Your stone body is resilient. (AC +3)
You are immune to poison.
You resist negative energy. (rN+)
You are resistant to electric shocks. (rElec)
You can survive without breathing.
You are immune to petrification.
You are immune to rotting.


Message History

The ogre shouts!
You sock the goblin!
You kill the goblin!
Trog accepts your kill. The ogre hits you with a giant club!
Ouch! That really hurt!
Things that are here:
an uncursed hunting sling; 14 sling bullets; a runed leather armour You hit the ogre.
The ogre is lightly wounded.
The ogre misses you.
You sock the ogre!
The ogre is heavily wounded.
The ogre barely misses you. The ogre closely misses you.
You barely miss the ogre.
The ogre is heavily wounded.
You feel yourself speed up. The ogre hits you with a giant club!!
Ouch! That really hurt!
You die...

#.# ... #. #.# ..
.. #.# .[ #. #.#
##.# # ##.##..
...##.###
...#.#.###........
##.#.#.....O.....#
#....#####@#
#...).(..).#
#..(>).##..#
#..(<...#..#
##.).####..# #...#
#... ...... ..###
####.## ### #.


You could see an ogre.

Vanquished Creatures
  Robin (D:3)
  2 adders (D:2)
  2 worms (D:2)
  2 leopard geckos (D:1)
  4 ball pythons (D:1)
  7 bats
  17 goblins
  8 hobgoblins
  4 frilled lizards
  10 kobolds
  3 rats (D:1)
60 creatures vanquished.

Vanquished Creatures (others)
  5 toadstools (D:1)
5 creatures vanquished.

Grand Total: 65 creatures vanquished

Notes
Turn   | Place    | Note
-------+----------+-------------------------------------------
     0 | D:1      | Gorglomux the Gargoyle Berserker began the quest for the Orb.
     0 | D:1      | Reached XP level 1. HP: 14/14 MP: 1/1
    51 | D:1      | Reached XP level 2. HP: 19/19 MP: 2/2
   489 | D:1      | Reached XP level 3. HP: 21/23 MP: 3/3
   854 | D:2      | Reached ** piety under Trog
  1362 | D:2      | Reached XP level 4. HP: 11/29 MP: 4/4
  1802 | D:3      | Noticed Robin
  2048 | D:3      | Killed Robin
  2068 | D:3      | Noticed an ogre
  2072 | D:3      | Mangled by an ogre

Skill      XL: |  1  2  3 |
---------------+----------+-----
Maces & Flails | 4 |  4.6
Fighting       | 4 |  4.2
Armour         | |  2.1
Dodging        | |  1.5

Action                   |  1- 3 |  4- 6 || total
-------------------------+-------+-------++-------
Melee: Mace              |   174 |    51 ||   225
Invok: Berserk           |     3 |     2 ||     5
  Use: Scroll            |       |     2 ||     2
 Stab: Sleeping          |     2 |       ||     2
  Eat: Chunk             |     4 |     4 ||     8
Armor: Animal skin       |    81 |       ||    81
       Leather armour    |       |    33 ||    33
Dodge: Dodged            |   137 |    40 ||   177
